 Dungeon Crawl Stone Soup version 0.29-a0-495-g17b79114eb (webtiles) character file.

Game seed: 7674760821931540608

6 ultragoat the Skirmisher (level 1, 0/19 HPs)
             Began as a Demonspawn Wanderer on May 28, 2022.
             Frozen to death by an endoplasm (5 damage)
             ... on level 1 of the Dungeon.
             The game lasted 00:02:22 (341 turns).

ultragoat the Skirmisher (Demonspawn Wanderer)       Turns: 341, Time: 00:02:22

Health: 0/19       AC:  3    Str: 13    XL:     1   Next: 75%
Magic:  1/1        EV: 10    Int:  9    God:
Gold:   7          SH:  6    Dex: 15    Spells: 0/0 levels left

rFire   . . .      SeeInvis .   (no weapon)
rCold   . . .      Faith    .   b - +2 buckler
rNeg    . . .      Spirit   .   d - +0 leather armour
rPois   .          Reflect  .   (no helmet)
rElec   .          Harm     .   (no cloak)
rCorr   .          Rampage  .   (no gloves)
Will    .....                   (no boots)
Stlth   +.........              (no amulet)
HPRegen 0.06/turn               (no ring)
MPRegen 0.07/turn               (no ring)

@: no status effects
A: no striking features
a: no special abilities


You were on level 1 of the Dungeon.
You visited 1 branch of the dungeon, and saw 1 of its levels.

You collected 7 gold pieces.

Inventory:

Hand Weapons
 a - a +1 hunting sling
Armour
 b - a +2 buckler (worn)
 d - a +0 leather armour (worn)
Scrolls
 e - a scroll of brand weapon {unknown}
Potions
 c - a potion of berserk rage


   Skills:
 + Level 4.0 Fighting
 + Level 2.1(2.3) Slings
 + Level 1.1(1.8) Throwing
 + Level 1.0 Armour
 + Level 1.7 Shields


You couldn't memorise any spells.
You didn't know any spells.
Your spell library contained the following spells:

 Spells                   Type           Power      Damage    Failure   Level
 Gell's Gravitas          Tloc           0%         N/A       91%         3
 Lesser Beckoning         Tloc           0%         N/A       91%         3
 Teleport Other           Tloc           0%         N/A       91%         3


Dungeon Overview and Level Annotations

Branches:
Dungeon (1/15)

Altars:


Message History

Welcome back, ultragoat the Demonspawn Wanderer.
Press ? for a list of commands and other information.
You don't know any spells.
Sorry, you're not good enough to have a special ability.
Unknown command.
You don't know any spells.
Sorry, you're not good enough to have a special ability.
Unknown command.
Unknown command.
Really attack while wielding your +1 hunting sling? [Y]es or [N]o only, please.
Really attack while wielding your +1 hunting sling?
Okay, then.
Unknown command.
Really attack while wielding your +1 hunting sling?
Okay, then.
Unknown command.
Unknown command.
Really attack while wielding your +1 hunting sling? [Y]es or [N]o only, please.
Really attack while wielding your +1 hunting sling?
Okay, then.
There are monsters nearby!
You're already wearing that object!
You are already wielding that!
You are now empty-handed.
The rat barely misses you.
Unknown command.
You hit the rat but do no damage. The rat bites you.
You hit the rat.
You kill the rat!
You hit the endoplasm.
The endoplasm is lightly wounded.
The endoplasm freezes you.
You are frozen.
* * * LOW HITPOINT WARNING * * *
You hit the endoplasm.
The endoplasm is moderately wounded.
The endoplasm freezes you.
You are frozen.
You die...

#####...###...♣♣♣♣♣.♣.#
#....⌠.♣♣.♣∩∩∩.♣♣♣.⌠
#......♣♣∩.....∩♣♣..#
#####...#.♣♣∩..♣♣♣..∩♣
.#
..........♣♣∩...<...∩♣
.#
#.######..♣♣∩..♣♣♣..∩♣
# #.# #...♣♣∩.(...∩♣♣ #
#.# #.>)♣♣♣♣∩.∩♣♣♣ .>
#.######....♣♣♣♣@♣ ♣.#
#.....####....♣♣J♣♣..#
......# ##.....g.$.#
####### ##.......J#
##...#.......
#.#.#.#......
#.#.#!#...###
#.#.#....... #....##
....#


You could see an endoplasm and a hobgoblin.

Vanquished Creatures
  2 hobgoblins (D:1)
  A ball python (D:1)
  A bat (D:1)
  2 frilled lizards (D:1)
  A rat (D:1)
7 creatures vanquished.

Notes
Turn   | Place    | Note
-------+----------+-------------------------------------------
     0 | D:1      | ultragoat the Demonspawn Wanderer began the quest for the
                  | Orb.
     0 | D:1      | ultragoat set off with the following items: a +1 hunting
                  | sling, a +2 buckler, a potion of berserk rage, a +0 leather
                  | armour
     0 | D:1      | Reached XP level 1. HP: 19/19 MP: 1/1
   341 | D:1      | Frozen to death by an endoplasm

Illustrated notes

Levels and vault maps discovered:
D:1:      heliophobic_arrival_henge, layout_basic,
          ebering_ecumenical_altar_petrified, serial_curves, eino_curves_02,
          eino_curves_04, eino_curves_01, eino_curves_04

Skill      XL: |  1 |
---------------+----+-----
Slings         | 2 |  2.1
Fighting       | |  4.0
Throwing       | |  1.1
Armour         | |  1.0
Shields        | |  1.7

Action                   || total
-------------------------++-------
Melee: Unarmed           ||     4
 Fire: Hunting sling     ||    18
Armor: Leather armour    ||     1
Dodge: Dodged            ||     7
Block: Buckler           ||     9

Table legend: (Time is in decaauts)
 A = Elapsed time spent in this place.
 B = Non-inter-level travel time spent in this place.
 C = Inter-level travel time spent in this place.
 D = Time resting spent in this place.
 E = Time spent auto-exploring this place.
 F = Levels seen in this place.
 G = Mean time per level.
                   A        B        C        D        E       F      G
               +--------+--------+--------+--------+--------+-----+--------+
         Total |    349 |    349 |      0 |    230 |     33 |   1 |  349.0 |
       Dungeon |    349 |    349 |      0 |    230 |     33 |   1 |  349.0 |
               +--------+--------+--------+--------+--------+-----+--------+

Top non-repeatable levels by time:
     D:1: 349 daAuts
